 Dungeon Crawl Stone Soup version 0.23.2-30-g0e89c35649 (webtiles) character file.

Game seed: 17082980227399762031

130 Matador8 the Conjurer (level 4, 0/33 HPs)
             Began as a Draconian Conjurer on June 17, 2019.
             Was an Initiate of Gozag.
             Slain by a worm (4 damage)
             ... on level 2 of the Dungeon.
             The game lasted 00:15:13 (1844 turns).

Matador8 the Conjurer (Draconian Conjurer)          Turns: 1844, Time: 00:15:16

Health: 0/33       AC:  5    Str: 11    XL:     4   Next: 90%
Magic:  6/8        EV: 12    Int: 16    God:    Gozag
Gold:   140        SH:  0    Dex: 11    Spells: 4/8 levels left

rFire    . . .     SeeInvis .   c - +1 whip (freeze)
rCold    . . .     Gourm    .   (no shield)
rNeg     . . .     Faith    .   (armour unavailable)
rPois    .         Spirit   .   (helmet restricted)
rElec    .         Reflect  .   (no cloak)
rCorr    .         Harm     .   (no gloves)
MR       .....                  (no boots)
Stlth    ++........             (no amulet)
HPRegen  0.11/turn              (no ring)
MPRegen  0.11/turn              (no ring)

@: gold aura
A: unfitting armour, cold-blooded, AC +5
a: Potion Petition, Call Merchant, Bribe Branch, Renounce Religion


You were on level 2 of the Dungeon.
You worshipped Gozag.
Gozag was aware of your devotion.
You were not hungry.

You visited 1 branch of the dungeon, and saw 2 of its levels.

You collected 170 gold pieces.
You paid 30 gold pieces to Gozag.

Inventory:

Hand Weapons
 c - a +1 whip of freezing (weapon)
Scrolls
 a - a scroll of fog {unknown}
 d - a scroll of teleportation {unknown}
 f - 2 scrolls of identify {unknown}
 g - a scroll of amnesia {unknown}
Potions
 e - a potion of curing {unknown}
Comestibles
 b - 3 rations


   Skills:
 * Level 3.0 Maces & Flails
 - Level 1.7 Dodging
 - Level 1.7 Stealth
 + Level 2.9 Spellcasting
 + Level 4.7 Conjurations


You had 4 spell levels left.
You knew the following spells:

 Your Spells              Type           Power        Failure   Level  Hunger
a - Magic Dart            Conj           ###.         2%          1    #......
b - Dazzling Spray        Conj/Hex       #.....       22%         3    ###....

Your spell library contained the following spells:

 Spells                   Type           Power        Failure   Level  Hunger
 Searing Ray              Conj           ###...       4%          2    ##.....
 Iskenderun's Mystic Bla  Conj           ###.....     26%         4    #####..
 Force Lance              Conj/Tloc      #.......     56%         4    #####..
 Fulminant Prism          Conj/Hex       #.........   56%         4    #####..


Dungeon Overview and Level Annotations

Branches:
Dungeon (2/15)

Altars:
Gozag

Annotations:
D:2 Terence


Innate Abilities, Weirdness & Mutations

Your plain brown scales are hard. (AC +5)
You cannot fit into any form of body armour.
You are cold-blooded and may be slowed by cold attacks.


Message History

Confirm with . or Enter, or press ? or * to list all spells.
Aiming: Magic Dart (safe; 2% risk of failure)
Press: ? - help, Shift-Dir - straight line, f - worm
Aim: a worm (lightly wounded)
The magic dart hits the worm.
The worm is moderately wounded.
You hit the worm. You freeze the worm.
Your tail-slap misses the worm.
The worm is heavily wounded.
The quokka bites you. The worm bites you!
* * * LOW HITPOINT WARNING * * *
You hit the worm. You freeze the worm. You tail-slap the worm.
The worm is almost dead.
The quokka bites you but does no damage.
You barely miss the worm.
The worm is almost dead.
The quokka bites you.
* * * LOW HITPOINT WARNING * * *
The worm bites you.
You die...
Your body crumbles into a pile of gold.

.#.....#..##..#
...##..####.##..#
...##..####..#..###########
..........................#
.........#.....###########
.............#
..####.#####.#...#
.........###r#...#
?.........w@<....#######
.........###...........#
.........# #.....##.##.#
......§..# #.....##.##.####
..§.§....# #.#...##.......#
.........###.#...##.#######
.≈≈≈≈§>..#...........#
+####§...###.######.##
#........#


You could see a worm and a quokka.

Vanquished Creatures
  Jessica (D:1)
  5 adders
  An ooze (D:2)
  2 dart slugs (D:1)
  A worm (D:2)
  A leopard gecko (D:2)
  2 giant cockroaches (D:2)
  7 goblins
  4 hobgoblins
  11 jackals
  A ball python (D:1)
  5 bats
  A frilled lizard (D:1)
  6 kobolds
  2 rats (D:1)
50 creatures vanquished.

Notes
Turn   | Place    | Note
-------+----------+-------------------------------------------
     0 | D:1      | Matador8 the Draconian Conjurer began the quest for the
                  | Orb.
     0 | D:1      | Reached XP level 1. HP: 14/14 MP: 3/3
   321 | D:1      | Reached XP level 2. HP: 20/20 MP: 5/5
   353 | D:1      | Reached skill level 1 in Maces & Flails
   719 | D:1      | Reached XP level 3. HP: 23/26 MP: 6/6
   849 | D:1      | Learned a level 3 spell: Dazzling Spray
  1114 | D:2      | Found an opulent altar of Gozag.
  1140 | D:2      | Became a worshipper of Gozag Ym Sagoz the Greedy
  1160 | D:2      | Noticed Terence
  1218 | D:1      | Reached XP level 4. HP: 11/33 MP: 3/8
  1561 | D:2      | Noticed Jessica
  1658 | D:1      | Killed Jessica
  1844 | D:2      | Slain by a worm

Skill      XL: |  1  2  3  4 |
---------------+-------------+-----
Maces & Flails | 1 2 3 |  3.0
Dodging        | |  1.7
Stealth        | |  1.7
Spellcasting   | |  2.9
Conjurations   | |  4.7

Action                   |  1- 3 |  4- 6 || total
-------------------------+-------+-------++-------
Melee: Whip              |   135 |    69 ||   204
       Unarmed           |    10 |       ||    10
       Tailslap          |    12 |     6 ||    18
 Cast: Magic Dart        |    11 |     6 ||    17
       Dazzling Spray    |     1 |       ||     1
 Stab: Sleeping          |     6 |     1 ||     7
  Eat: Chunk             |     1 |     1 ||     2
       Ration            |       |     1 ||     1
Armor: Skin              |    56 |    24 ||    80
Dodge: Dodged            |   115 |    42 ||   157
